[Event "Early-Titled-Tuesday-Blitz-May-07-2024"]
[Site "Chess.com"]
[Date "2024.05.07"]
[Round "3"]
[White "miragha_yev"]
[Black "LyonBeast"]
[Result "1/2-1/2"]
[WhiteElo "2824"]
[BlackElo "3124"]
[TimeControl "180+1"]
[EndTime "8:34:33 PDT"]
[Termination "Game drawn by stalemate"]

1. Nf3 c5 2. g3 g6 3. Bg2 Bg7 4. O-O Nc6 5. c4 d6 6. Nc3 Bf5 7. Re1 Qd7 8. d3 Bh3 9. Bh1 h6 10. e3 Nf6 11. d4 O-O 12. b3 Rfd8 13. Bb2 e6 14. Qd2 Rac8 15. Rad1 b6 16. Qc1 Qe7 17. d5 exd5 18. Nxd5 Nxd5 19. Rxd5 Bxb2 20. Qxb2 Be6 21. Rd2 d5 22. cxd5 Rxd5 23. Rxd5 Bxd5 24. Rd1 Rd8 25.
Rd2 Be4 26. Bg2 Rxd2 27. Qxd2 Qf6 28. Ne1 Bxg2 29. Kxg2 Ne5 30. f4 Qc6+ 31. Kg1 Nf3+ 32. Nxf3 Qxf3 33. Qd8+ Kg7 34. Qe7 Qd1+ 35. Kg2 Qe2+ 36.
Kg1 Qxa2 37. Qe5+ Kh7 38. Qd5 Qa1+ 39. Kf2 Kg7 40. e4 Qb2+ 41. Kf3 a5 42. e5 h5 43. h4 Qc3+ 44. Kg2 Qc2+ 45. Kg1 Qf5 46. Qd6 Qe6 47. Qd3 Qc6 48. f5 gxf5 49. Qxf5 Qg6 50. Qf4 b5 51. Kh2 Kf8 52. e6 Qxe6 53. Qb8+ Qe8 54.
Qd6+ Kg8 55. Qxc5 Qe2+ 56. Kh3 a4 57. bxa4 Qg4+ 58. Kh2 bxa4 59. Qd6 Qe2+ 60. Kg1 Qg4 61. Kh2 Kg7 62. Qe5+ Kf8 63. Qd6+ Ke8 64. Qc6+ Ke7 65. Qc5+ Ke6 66. Qc6+ Ke5 67. Qc7+ Kd4 68. Qc2 Kd5 69. Qc7 Qe2+ 70. Kh3 Qe6+ 71. Kh2 Qe8 72. Qb7+ Kc4 73. Qa6+ Qb5 74. Qc8+ Kb3 75. Qc1 Qe2+ 76. Kh3 Qe6+ 77. Kh2 a3 78. Qb1+ Ka4 79. Qc2+ Kb4 80. Qb1+ Qb3 81.
Qe4+ Qc4 82. Qb1+ Kc5 83. Qf5+ Qd5 84. Qc2+ Kd6 85. Qa4 a2 86. Qa6+ Ke5 87. Qe2+ Kf6 88. Qb2+ Kg6 89. Qc2+ Kg7 90. Qb2+ f6 91. Qa3 Qd2+ 92.
Kh3 Qe1 93. Qxa2 Qh1+ 94. Qh2 Qe4 95. Qg2 Qg4+ 96. Kh2 Kg6 97. Qf2 Qe4 98. Qg2 Kf5 99.
Qf2+ Kg4 100. Qxf6 Qe2+ 101. Kg1 Kxg3 102. Qg5+ Kh3 103. Qf5+ Kxh4 104. Qf4+ Kh3 105. Qf5+ Kg3 106. Qg5+ Qg4 107. Qe3+ Kh4+ 108. Kh2 Qg6 109. Qh3+ Kg5 110. Qg3+ Kh6 111.
Qxg6+ Kxg6 112. Kh3 Kg5 113. Kg3 h4+ 114. Kh3 Kh5 115.
Kh2 Kg4 116. Kg2 h3+ 117. Kh2 Kh4 118. Kh1 Kg3 119. Kg1 h2+ 120. Kh1 Kh3 1/2-1/2

[Event "Early-Titled-Tuesday-Blitz-May-07-2024"]
[Site "Chess.com"]
[Date "2024.05.07"]
[Round "3"]
[White "Rud_Makarian"]
[Black "Abund"]
[Result "1-0"]
[WhiteElo "3058"]
[BlackElo "2762"]
[TimeControl "180+1"]
[EndTime "8:34:36 PDT"]
[Termination "Rud_Makarian won by resignation"]

1. c4 e6 2. Nf3 d5 3. g3 Nf6 4. Bg2 dxc4 5. Qa4+ Bd7 6. Qxc4 c5 7.
Nc3 Nc6 8. O-O Be7 9. d4 cxd4 10.
Nxd4 Rc8 11. Rd1 Qc7 12. Ndb5 Qb8 13. Bf4 e5 14. Bg5 Be6 15. Qh4 a6 16. Na3 Nd4 17. Bxf6 Bxf6 18. Qe4 O-O 19. e3 Nc6 20. Nd5 Bd8 21.
Rac1 f5 22. Qb1 e4 23. Nf4 Bf7 24. Nc4 Bxc4 25. Rxc4 Bf6 26. b4 Ne5 27. Rxc8 Qxc8 28. Bf1 b5 29. Qb3+ Kh8 30. Kg2 Rd8 31. Rxd8+ Bxd8 32.
Qd5 Bf6 33. h4 g6 34. Be2 Kg7 35. Bd1 Qc6 36. Qd2 Nc4 37. Qe2 Qd6 38. Bb3 Qxb4 39. Ne6+ Kh8 40. Nf4 Kg7 41. h5 Be5 42. hxg6 hxg6 43.
Nh3 Kf6 44. g4 Nd6 45. g5+ Ke7 46. Qd1 a5 47. Qd5 Qc3 48. Qe6+ Kd8 49. Qxg6 a4 50. Be6 Kc7 51. Bxf5 b4 52. Bxe4 b3 53.
axb3 a3 54. Bb1 Qb2 55. Qd3 Kb6 56. g6 Nb5 57. Nf4 Bxf4 58. exf4 Qf6 59. Qe3+ Ka5 60.
Qe5 Qc6+ 61. Be4 Qc1 62. g7 a2 63. g8=Q a1=Q 64. Qa8+ Kb4 65. Qaxa1 Qxa1 66. Qxa1 Nc3 67.
Qe1 Kxb3 68. Qxc3+ Kxc3 69. Kf3 Kd4 70. Bc2 Kc5 71.
Kg4 Kd6 72. Kg5 Ke7 73. Kg6 Kf8 74. f5 Kg8 75. f6 Kh8 76. Bb1 Kg8 77. Be4 Kh8 78.
Bg2 Kg8 79. Bh1 Kh8 80. Kf7 Kh7 81. f4 Kh6 82. Bf3 Kh7 83. Bg4 Kh6 84. Ke7 Kg6 85. f7 Kh7 86. f8=Q Kg6 87. Qg8+ Kh6 88. Qg5+ Kh7 89.
Bf5+ Kh8 90. Qh6+ 1-0

[Event "Early-Titled-Tuesday-Blitz-May-07-2024"]
[Site "Chess.com"]
[Date "2024.05.07"]
[Round "3"]
[White "ValiantCeleb"]
[Black "AndrewB92"]
[Result "0-1"]
[WhiteElo "2195"]
[BlackElo "2408"]
[TimeControl "180+1"]
[EndTime "8:35:00 PDT"]
[Termination "AndrewB92 won by checkmate"]

1. d4 d5 2. Bf4 Nf6 3. e3 Bf5 4. c4 e6 5. Nc3 c6 6. Qb3 Qb6 7. c5 Qxb3 8. axb3 Nbd7 9. b4 Nh5 10. b5 Nxf4 11. exf4 Be7 12. b4 O-O 13. Nf3 h6 14.
Be2 cxb5 15. Bxb5 Rfd8 16. Kd2 Be4 17. Nxe4 dxe4 18. Ne1 a5 19. Ke3 Nf6 20. Bc4 axb4 21. Nc2 g5 22. fxg5 hxg5 23. Nxb4 Rxa1 24. Rxa1 e5 25.
dxe5 Bxc5+ 26. Ke2 Ng4 27. Nd5 Nxe5 28. Bb3 Nd3 29. Nf6+ Kg7 30. Nxe4 Nf4+ 31. Kf1 Bd4 32. Rd1 f6 33. g3 Ng6 34. Nc3 Nf8 35. Nb5 Bb6 36. Rxd8 Bxd8 37. Nd6 b6 38. h4 gxh4 39. gxh4 Ng6 40. h5 Nf4 41. h6+ Kh7 42. Bc2+ Ng6 43.
Kg2 Bc7 44. Ne8 Be5 45. Ng7 Kxh6 46. Nf5+ Kg5 47. Ne3 Nh4+ 48. Kf1 b5 49. Nd5 b4 50.
Nxb4 Nf3 51. Nd5 Nd2+ 52. Ke2 Nc4 53. Ne3 Nd6 54. Bb1 Kf4 55. Ng2+ Kg4 56. Ne3+ Kh3 57. f3 Nb5 58. Bf5+ Kg3 59. Nf1+ Kf4 60. Ne3 Nd4+ 61. Kf2 Nxf5 62. Nd5+ Kg5 63. f4+ Bxf4 64. Kf3 Be5 65. Nb4 Nh4+ 66. Kf2 f5 67. Nd3 Bd4+ 68. Ke2 f4 69.
Nxf4 Kxf4 70. Kd3 Ke5 71. Ke2 Ke4 72. Kf1 Nf5 73. Kg2 Ne3+ 74. Kh3 Kf4 75. Kh2 Ng4+ 76. Kg2 Nf2 77. Kh2 Kf3 78. Kg1 Be5 79. Kf1 Ne4 80. Kg1 Bd6 81. Kh1 Nf2+ 82. Kg1 Bc7 83. Kf1 Bh2 84. Ke1 Ne4 85. Kd1 Ke3 86. Kc2 Nd2 87.
Kc3 Bd6 88. Kb2 Bb4 89. Kc2 Ke2 90. Kb2 Kd3 91. Kc1 Nf3 92. Kd1 Nd4 93. Kc1 Ke2 94. Kb2 Kd2 95. Kb1 Ba3 96. Ka2 Bc1 97. Kb1 Kd1 98. Ka2 Kc2 99. Ka1 Ne2 100. Ka2 Nc3+ 101. Ka1 Bb2# 0-1

[Event "Early-Titled-Tuesday-Blitz-May-07-2024"]
[Site "Chess.com"]
[Date "2024.05.07"]
[Round "4"]
[White "pauliukevicius"]
[Black "Stanbad1"]
[Result "1-0"]
[WhiteElo "2432"]
[BlackElo "2594"]
[TimeControl "180+1"]
[EndTime "8:37:01 PDT"]
[Termination "pauliukevicius won by resignation"]

1. e4 e6 2. d4 d5 3. e5 c5 4. c3 Nc6 5. Nf3 Bd7 6. Bd3 cxd4 7. cxd4 Qb6 8. O-O Nxd4 9. Nxd4 Qxd4 10. Nc3 a6 11.
Re1 Ne7 12. Be3 Qb4 13. a3 Qa5 14. b4 Qd8 15. Na4 Nc8 16. Rc1 Be7 17. Nc5 Bc6 18. a4 O-O 19. b5 axb5 20. axb5 b6 21. Nxe6 fxe6 22. Rxc6 Ra2 23. Qh5 Bc5 24. Qxh7+ Kf7 25.
Bg6+ Ke7 26. Qxg7+ 1-0

[Event "Early-Titled-Tuesday-Blitz-May-07-2024"]
[Site "Chess.com"]
[Date "2024.05.07"]
[Round "4"]
[White "andrew-blr"]
[Black "NajdorfPlayerc5"]
[Result "1-0"]
[WhiteElo "2604"]
[BlackElo "2424"]
[TimeControl "180+1"]
[EndTime "8:37:26 PDT"]
[Termination "andrew-blr won by resignation"]

1. d4 Nf6 2. c4 e6 3. Nc3 Bb4 4.
a3 Bxc3+ 5. bxc3 b6 6. f3 c5 7. e4 d6 8. Ne2 Nc6 9. Ng3 e5 10.
Be3 O-O 11. Bd3 cxd4 12. cxd4 Nxd4 13. Bxd4 exd4 14. Ne2 Nd7 15. Nxd4 Ne5 16. O-O Be6 17. Rc1 Rc8 18. Rf2 Nxc4 19. Nxe6 1-0

[Event "Early-Titled-Tuesday-Blitz-May-07-2024"]
[Site "Chess.com"]
[Date "2024.05.07"]
[Round "4"]
[White "Larina_Maria"]
[Black "kecalk"]
[Result "0-1"]
[WhiteElo "2349"]
[BlackElo "2539"]
[TimeControl "180+1"]
[EndTime "8:37:42 PDT"]
[Termination "kecalk won by resignation"]

1. e4 e5 2. Nf3 d6 3. Bc4 Nf6 4. Ng5 d5 5. exd5 h6 6. Nf3 e4 7.
Qe2 Bd6 8. d3 O-O 9. O-O exf3 10. Qxf3 Bg4 11. Qe3 Re8 12. Qd2 Nbd7 13. h3 Bf5 14.
Nc3 Ne5 15. a4 Qd7 16. Qd1 Bxh3 17. gxh3 Qxh3 18. Bf4 Nf3+ 0-1

[Event "Early-Titled-Tuesday-Blitz-May-07-2024"]
[Site "Chess.com"]
[Date "2024.05.07"]
[Round "4"]
[White "SHIVACalypso"]
[Black "glebus008"]
[Result "0-1"]
[WhiteElo "2533"]
[BlackElo "2340"]
[TimeControl "180+1"]
[EndTime "8:38:13 PDT"]
[Termination "glebus008 won by resignation"]

1. c4 e6 2. g3 d5 3. Bg2 Nf6 4. Nf3 Be7 5. O-O O-O 6. b3 c5 7. Bb2 d4 8. e3 Nc6 9. exd4 cxd4 10. Re1 Re8 11. d3 Bb4 12. a3 Bxe1 13. Qxe1 e5 14.
Nbd2 Bf5 15. Qe2 a5 16. Re1 Qc7 17. Nh4 Bg4 18. f3 Bh5 19. Ne4 Nxe4 20. Qxe4 Bg6 21.
Nxg6 hxg6 22. f4 exf4 23. Qxe8+ Rxe8 24. Rxe8+ Kh7 25. Kf2 fxg3+ 26. hxg3 Qb6 27. Bc1 Qxb3 0-1

[Event "Early-Titled-Tuesday-Blitz-May-07-2024"]
[Site "Chess.com"]
[Date "2024.05.07"]
[Round "4"]
[White "chessdjw"]
[Black "UK_23"]
[Result "1-0"]
[WhiteElo "2765"]
[BlackElo "2441"]
[TimeControl "180+1"]
[EndTime "8:38:16 PDT"]
[Termination "chessdjw won by resignation"]

1. d4 Nf6 2. Nf3 c5 3. d5 b5 4.
Bg5 Ne4 5. Bf4 d6 6. e3 g6 7. Bxb5+ Nd7 8. O-O Bg7 9. c3 O-O 10. Na3 Qb6 11. Rb1 Rb8 12. Qc2 Nef6 13. Bc6 Ba6 14. Rfd1 Rbc8 15. b4 Nb8 16. b5 Bb7 17. Nc4 Qc7 18.
a4 Rcd8 19. a5 Bc8 20. b6 1-0

[Event "Early-Titled-Tuesday-Blitz-May-07-2024"]
[Site "Chess.com"]
[Date "2024.05.07"]
[Round "4"]
[White "mjray79"]
[Black "Kostya0705"]
[Result "0-1"]
[WhiteElo "2720"]
[BlackElo "2555"]
[TimeControl "180+1"]
[EndTime "8:38:24 PDT"]
[Termination "Kostya0705 won by resignation"]

1. e4 c5 2. Nf3 e6 3. b3 Nc6 4.
Bb2 Nf6 5. Qe2 d5 6. exd5 Nxd5 7. g3 f6 8. Bg2 Be7 9. O-O O-O 10. Rd1 e5 11. Nc3 Nc7 12. Ne4 Be6 13. h4 Qd7 14. c3 f5 15. Neg5 Bd5 16. Nxe5 Nxe5 17. Qxe5 Bxg2 18. Kxg2 Bxg5 19. hxg5 f4 20. gxf4 Rae8 21.
Qxc5 Qg4+ 22. Kf1 Qh3+ 23. Kg1 Rxf4 0-1

[Event "Early-Titled-Tuesday-Blitz-May-07-2024"]
[Site "Chess.com"]
[Date "2024.05.07"]
[Round "4"]
[White "ubdip"]
[Black "Yeritsyaan"]
[Result "0-1"]
[WhiteElo "2505"]
[BlackElo "2714"]
[TimeControl "180+1"]
[EndTime "8:38:30 PDT"]
[Termination "Yeritsyaan won by resignation"]

1. c4 e5 2. Nc3 Nc6 3. e3 g6 4. a3 Bg7 5. b4 d6 6. Bb2 f5 7. g3 Nf6 8. Bg2 O-O 9. Nge2 e4 10.
O-O Ne5 11. Qb3 Be6 12. Nd5 c6 13. Bxe5 dxe5 14. Nxf6+ Qxf6 15. Qc3 Rad8 16. Rfd1 Rd3 17. Qb2 Bxc4 18. Nc1 Rd7 19. f4 exf4 0-1

[Event "Early-Titled-Tuesday-Blitz-May-07-2024"]
[Site "Chess.com"]
[Date "2024.05.07"]
[Round "4"]
[White "RantomOpening"]
[Black "kyawmyataung2005"]
[Result "1-0"]
[WhiteElo "2505"]
[BlackElo "2300"]
[TimeControl "180+1"]
[EndTime "8:38:33 PDT"]
[Termination "RantomOpening won by resignation"]

1. b3 Nf6 2. Bb2 g6 3. g4 h6 4. h4 Bg7 5. Bg2 Nc6 6. g5 hxg5 7. hxg5 Rxh1 8. Bxh1 Nh5 9. Bxg7 Nxg7 10. Bxc6 dxc6 11. d4 Ne6 12. Nf3 c5 13. d5 Nf4 14. c4 e6 15. Qd2 Qd6 16. Nc3 Nh5 17. O-O-O a6 18.
Ne4 Qb6 19. d6 cxd6 20. Nxd6+ Kf8 21. Ne5 a5 22. Nxc8 1-0

[Event "Early-Titled-Tuesday-Blitz-May-07-2024"]
[Site "Chess.com"]
[Date "2024.05.07"]
[Round "4"]
[White "GrotBchess"]
[Black "Caroexpert"]
[Result "1-0"]
[WhiteElo "2488"]
[BlackElo "2664"]
[TimeControl "180+1"]
[EndTime "8:38:46 PDT"]
[Termination "GrotBchess won by resignation"]

1. e4 c6 2. d4 d5 3. Nd2 dxe4 4.
Nxe4 Nf6 5. Nxf6+ exf6 6. c3 Bd6 7.
Bd3 O-O 8. Ne2 Re8 9. O-O Nd7 10.
Bf4 Nf8 11. Qd2 Ng6 12. Bxd6 Qxd6 13. Ng3 Nf4 14. Bf5 g6 15. Bxc8 Raxc8 16. Rfe1 f5 17.
h3 c5 18. d5 Qxd5 19. Qxf4 Rxe1+ 20. Rxe1 Qxa2 21. Nxf5 gxf5 22. Qg5+ Kh8 23. Qf6+ Kg8 24. Re3 f4 25. Re5 Qb1+ 26. Kh2 Qg6 27. Rg5 Rc6 28.
Rxg6+ hxg6 29. Qxf4 Kg7 30. Qe5+ Kh7 31. Qe7 1-0

[Event "Early-Titled-Tuesday-Blitz-May-07-2024"]
[Site "Chess.com"]
[Date "2024.05.07"]
[Round "4"]
[White "Daaksboy"]
[Black "GMG"]
[Result "0-1"]
[WhiteElo "2506"]
[BlackElo "2832"]
[TimeControl "180+1"]
[EndTime "8:38:48 PDT"]
[Termination "GMG won by resignation"]

1. d4 Nf6 2. c4 e6 3. Nc3 Bb4 4.
e3 b6 5. Bd2 Ba6 6. Nf3 O-O 7.
a3 Bxc3 8. Bxc3 d5 9. cxd5 Bxf1 10. Kxf1 Qxd5 11. g3 Nbd7 12. Kg2 Ne4 13. h4 Ndf6 14.
Qc2 Ng4 15. Be1 Rac8 16. Rd1 Rfd8 17. h5 h6 18. Rh4 f5 0-1

[Event "Early-Titled-Tuesday-Blitz-May-07-2024"]
[Site "Chess.com"]
[Date "2024.05.07"]
[Round "4"]
[White "FontVella8"]
[Black "Rosh1610"]
[Result "1-0"]
[WhiteElo "2685"]
[BlackElo "2481"]
[TimeControl "180+1"]
[EndTime "8:38:52 PDT"]
[Termination "FontVella8 won by resignation"]

1. e4 c5 2. Nf3 d6 3. d4 cxd4 4. Nxd4 Nf6 5. f3 e5 6. Nb3 d5 7. Bg5 Be6 8. Bxf6 gxf6 9. exd5 Qxd5 10. Qxd5 Bxd5 11. Nc3 Bc6 12. O-O-O Nd7 13. Nb5 Bxb5 14. Bxb5 O-O-O 15. Bc4 Bh6+ 16. Kb1 Rhf8 17. Bd3 Rg8 18. Bf5 Kc7 19. g3 Rg7 20. Rd3 Nf8 21. Rxd8 Kxd8 22.
Rd1+ Kc7 23. Nc5 Rg5 24. g4 Rg7 25. h4 Bf4 26. Ne4 Ne6 27. Nxf6 Nd4 28. Ne8+ 1-0

[Event "Early-Titled-Tuesday-Blitz-May-07-2024"]
[Site "Chess.com"]
[Date "2024.05.07"]
[Round "4"]
[White "Goryachkina"]
[Black "Alexandr_Kholin"]
[Result "1-0"]
[WhiteElo "2694"]
[BlackElo "2484"]
[TimeControl "180+1"]
[EndTime "8:39:06 PDT"]
[Termination "Goryachkina won by resignation"]

1. e4 e5 2. Nf3 Nc6 3. Bc4 Nf6 4. d3 Be7 5. O-O O-O 6. Nc3 d6 7. a3 Be6 8. h3 Bxc4 9. dxc4 a5 10. b3 h6 11. Be3 Nh7 12. Qd3 Ng5 13. Nxg5 Bxg5 14.
Bxg5 Qxg5 15. Nd5 Rac8 16. b4 axb4 17. axb4 Ne7 18. Ra7 Nxd5 19. cxd5 b6 20. Qc4 Qe7 21. Re1 f5 22. exf5 Rxf5 23. Re3 Rf4 24. Qxf4 1-0

[Event "Early-Titled-Tuesday-Blitz-May-07-2024"]
[Site "Chess.com"]
[Date "2024.05.07"]
[Round "4"]
[White "vugarrasulov"]
[Black "MokshAD1603"]
[Result "1-0"]
[WhiteElo "2967"]
[BlackElo "2619"]
[TimeControl "180+1"]
[EndTime "8:39:08 PDT"]
[Termination "vugarrasulov won by resignation"]

1. c4 Nf6 2. Nf3 e6 3. g3 d5 4. Bg2 d4 5. O-O Nc6 6. d3 Bc5 7. Na3 O-O 8. Nc2 a5 9. a3 e5 10. Bg5 h6 11. Bxf6 Qxf6 12. Nd2 Qe7 13. b3 Bd7 14.
Qc1 f5 15. Rb1 Ba7 16. b4 axb4 17. axb4 Rae8 18. b5 Na5 19. Ra1 Bb6 20. Qa3 Qf6 21. c5 Bxb5 22. cxb6 cxb6 23. Qb4 Ba6 24. Nb3 Nxb3 25.
Qxb3+ Kh8 26. Nb4 Bb5 27. Nd5 Qc6 28. Rac1 Qd7 29. Nxb6 1-0

[Event "Early-Titled-Tuesday-Blitz-May-07-2024"]
[Site "Chess.com"]
[Date "2024.05.07"]
[Round "4"]
[White "Hoshka"]
[Black "lcmil"]
[Result "0-1"]
[WhiteElo "2053"]
[BlackElo "2460"]
[TimeControl "180+1"]
[EndTime "8:39:09 PDT"]
[Termination "lcmil won by resignation"]

1. d4 Nf6 2. c4 g6 3. g3 Bg7 4.
Bg2 O-O 5. Nf3 d6 6. O-O Nbd7 7. Nc3 e5 8. h3 c6 9. e4 Qa5 10. d5 Nc5 11. Qc2 cxd5 12. cxd5 Bd7 13. Rb1 Ncxe4 14. Nxe4 Nxe4 15. Qxe4 Bf5 16. Bd2 Qxa2 17. Qe1 Qxd5 18.
Rc1 Bd3 0-1

[Event "Early-Titled-Tuesday-Blitz-May-07-2024"]
[Site "Chess.com"]
[Date "2024.05.07"]
[Round "4"]
[White "kylnmd"]
[Black "KINGOF2SOAP"]
[Result "1-0"]
[WhiteElo "2253"]
[BlackElo "2421"]
[TimeControl "180+1"]
[EndTime "8:39:09 PDT"]
[Termination "kylnmd won by resignation"]

1. c4 g6 2. d4 Bg7 3. Nc3 d6 4.
e4 Nf6 5. f3 O-O 6. Bg5 e5 7.
dxe5 dxe5 8. Qxd8 Rxd8 9. Nd5 Nbd7 10. Nxc7 Rb8 11. Nd5 b5 12. cxb5 Bb7 13. Nxf6+ Nxf6 14. Ne2 h6 15. Be3 Ba8 16. Nc3 Rd7 17. Be2 Kh7 18. O-O a6 19. a4 Ne8 20. Rfd1 Rdb7 21. b6 Bf8 22. Bxa6 Re7 23. a5 Bb7 24. Bxb7 Rbxb7 25. Nd5 Re6 26. a6 Rb8 27. a7 Ra8 28. b7 1-0

[Event "Early-Titled-Tuesday-Blitz-May-07-2024"]
[Site "Chess.com"]
[Date "2024.05.07"]
[Round "4"]
[White "maurovargas01"]
[Black "SaiHanThiha"]
[Result "0-1"]
[WhiteElo "1974"]
[BlackElo "2455"]
[TimeControl "180+1"]
[EndTime "8:39:18 PDT"]
[Termination "SaiHanThiha won by resignation"]

1. e4 c5 2. Nc3 a6 3. f4 b5 4. Nf3 Bb7 5. d3 e6 6. g3 d5 7. e5 Nc6 8. Bg2 Nh6 9. O-O Nf5 10. g4 Nh4 11. g5 Nxg2 12. Kxg2 Ne7 13. Nh4 Nf5 14.
Nxf5 d4+ 15. Ne4 exf5 16. Kg3 fxe4 17. dxe4 h6 18. g6 fxg6 19. Qe1 Be7 20. f5 Bh4+ 0-1

[Event "Early-Titled-Tuesday-Blitz-May-07-2024"]
[Site "Chess.com"]
[Date "2024.05.07"]
[Round "4"]
[White "Vahe_Danielyan"]
[Black "NastyaHn"]
[Result "0-1"]
[WhiteElo "2638"]
[BlackElo "2476"]
[TimeControl "180+1"]
[EndTime "8:39:25 PDT"]
[Termination "NastyaHn won by resignation"]

1. e4 e6 2. d3 d5 3. Nd2 Nf6 4. Ngf3 c5 5. g3 Nc6 6. Bg2 Be7 7. O-O O-O 8. Re1 Rb8 9. e5 Nd7 10. Nf1 Qc7 11. Bf4 Rd8 12. h4 Nf8 13. h5 h6 14.
N1h2 Nh7 15. Qd2 Qd7 16. Ng4 Qe8 17. c3 b5 18. Nxh6+ gxh6 19. Bxh6 Bf8 20. Bg5 Be7 21. Bf4 Kh8 22. g4 Qg8 23. g5 d4 24. Kh2 dxc3 25. bxc3 b4 26. cxb4 Rxb4 27. Rg1 Ba6 28. Bf1 Nd4 29.
Nh4 Nf8 30. g6 Bxh4 31. g7+ Qxg7 32. Rxg7 Nf3+ 0-1

[Event "Early-Titled-Tuesday-Blitz-May-07-2024"]
[Site "Chess.com"]
[Date "2024.05.07"]
[Round "4"]
[White "Alenzer"]
[Black "subham777"]
[Result "0-1"]
[WhiteElo "2222"]
[BlackElo "2492"]
[TimeControl "180+1"]
[EndTime "8:39:32 PDT"]
[Termination "subham777 won by resignation"]

1. e4 e6 2. d4 d5 3. exd5 exd5 4.
c4 Nf6 5. Nc3 Be7 6. Nf3 O-O 7.
Bd3 c6 8. O-O Bg4 9. Be3 dxc4 10.
Bxc4 Nbd7 11. h3 Bh5 12. g4 Bg6 13. Ne5 Nb6 14. Bb3 Nfd5 15. a4 Nxe3 16. fxe3 Bg5 17. Qf3 Qe7 18. a5 Nd7 19. Nxg6 hxg6 20. e4 Rad8 21.
d5 Ne5 22. Qe2 Qb4 23. Ba4 Qxa5 24. Bxc6 Qb6+ 25. Kg2 bxc6 26. dxc6 Rd2 0-1

[Event "Early-Titled-Tuesday-Blitz-May-07-2024"]
[Site "Chess.com"]
[Date "2024.05.07"]
[Round "4"]
[White "HeroWilczek"]
[Black "Onischuk_V"]
[Result "0-1"]
[WhiteElo "2576"]
[BlackElo "2823"]
[TimeControl "180+1"]
[EndTime "8:39:34 PDT"]
[Termination "Onischuk_V won by resignation"]

1. e4 d6 2. d4 Nf6 3. Nc3 g6 4. Nf3 Bg7 5. Be2 O-O 6. O-O a6 7. a4 Nc6 8. Re1 e5 9. Be3 exd4 10. Nxd4 Re8 11. Bf3 Bd7 12. Qd2 Ng4 13. Nxc6 bxc6 14. Bd4 Ne5 15. Be2 c5 16. Be3 Nc6 17. Bc4 Be6 18. Bd5 Bxd5 19. Qxd5 Nd4 20. Bxd4 Bxd4 21. Rad1 Rb8 22. Ne2 Bxb2 23. c3 Qf6 24. Qc4 Qe6 25. Qxa6 Qxe4 26. h3 Rb6 27. Qa7 Qc6 28. Ng3 Ra8 0-1

[Event "Early-Titled-Tuesday-Blitz-May-07-2024"]
[Site "Chess.com"]
[Date "2024.05.07"]
[Round "4"]
[White "rachidhuilda"]
[Black "ValiantCeleb"]
[Result "0-1"]
[WhiteElo "2353"]
[BlackElo "2221"]
[TimeControl "180+1"]
[EndTime "8:39:38 PDT"]
[Termination "ValiantCeleb won on time"]

1. d4 d5 2. Nf3 Nf6 3. c4 e6 4. g3 dxc4 5. Bg2 Bb4+ 6. Bd2 c5 7. Bxb4 cxb4 8. Qa4+ Nc6 9. Ne5 O-O 10. Nxc6 bxc6 11.
Qxc6 Qxd4 12. Qxa8 Qxb2 13. O-O Qxa1 14. Qxa7 c3 15. Qc5 Qb2 0-1

[Event "Early-Titled-Tuesday-Blitz-May-07-2024"]
[Site "Chess.com"]
[Date "2024.05.07"]
[Round "4"]
[White "WilsonPalencia21"]
[Black "Chessdude1987"]
[Result "1-0"]
[WhiteElo "2545"]
[BlackElo "2365"]
[TimeControl "180+1"]
[EndTime "8:39:40 PDT"]
[Termination "WilsonPalencia21 won by checkmate"]

1. d4 e6 2. c4 f5 3. Nf3 Nf6 4. g3 Be7 5. Bg2 O-O 6. O-O d6 7. Nc3 Ne4 8. Qc2 Nxc3 9. bxc3 Nc6 10. e4 e5 11. d5 Na5 12. c5 fxe4 13. Qxe4 Bf5 14.
Qb4 c6 15. dxc6 bxc6 16. cxd6 Bxd6 17. Qa4 Qc7 18. Be3 Bd3 19. Rfd1 e4 20. Ng5 Nc4 21.
Rxd3 exd3 22. Qxc4+ Kh8 23. Qxd3 Rae8 24. Qxh7# 1-0

[Event "Early-Titled-Tuesday-Blitz-May-07-2024"]
[Site "Chess.com"]
[Date "2024.05.07"]
[Round "4"]
[White "DarZay"]
[Black "viktorgen2021"]
[Result "1/2-1/2"]
[WhiteElo "2334"]
[BlackElo "2503"]
[TimeControl "180+1"]
[EndTime "8:39:44 PDT"]
[Termination "Game drawn by repetition"]

1. e4 g6 2. d4 Bg7 3. f4 d6 4. Nf3 Nf6 5. e5 dxe5 6. fxe5 Nd5 7. c4 Nb6 8. Nc3 O-O 9. Bd3 Bg4 10. Be3 Nc6 11. Ne2 f6 12. exf6 Bxf6 13. O-O Bxf3 14. Rxf3 Nxd4 15. Nxd4 Bxd4 16. Rxf8+ Kxf8 17. Qf3+ Kg8 18. Rf1 Bxe3+ 19. Qxe3 e5 20. Qxe5 Qxd3 21. Qe6+ Kg7 22.
Qe7+ Kh6 23. Qh4+ Kg7 24. Qe7+ Kh6 25. Qh4+ Kg7 26. Qe7+ 1/2-1/2

[Event "Early-Titled-Tuesday-Blitz-May-07-2024"]
[Site "Chess.com"]
[Date "2024.05.07"]
[Round "4"]
[White "Noki102"]
[Black "Suleyman_Chess06"]
[Result "0-1"]
[WhiteElo "2560"]
[BlackElo "2790"]
[TimeControl "180+1"]
[EndTime "8:39:45 PDT"]
[Termination "Suleyman_Chess06 won by checkmate"]

1. d4 Nf6 2. Nc3 d5 3. Bf4 c6 4. e3 g6 5. h4 Bg7 6. Nf3 O-O 7. Ne5 Nbd7 8. Bd3 Nxe5 9. dxe5 Nd7 10. e6 fxe6 11.
h5 e5 12. Bg5 e4 13. Nxe4 Ne5 14. hxg6 dxe4 15. Rxh7 Bg4 16. Bc4+ Nxc4 17. Qxg4 Qd2+ 18. Kf1 Qxf2# 0-1

[Event "Early-Titled-Tuesday-Blitz-May-07-2024"]
[Site "Chess.com"]
[Date "2024.05.07"]
[Round "4"]
[White "Journey_to_GrandMaster_YT"]
[Black "chesslh93"]
[Result "1-0"]
[WhiteElo "2541"]
[BlackElo "2359"]
[TimeControl "180+1"]
[EndTime "8:39:48 PDT"]
[Termination "Journey_to_GrandMaster_YT won by resignation"]

1. d4 d5 2. Nf3 Nf6 3. e3 e6 4.
Bd3 b6 5. O-O Bb7 6. b3 Bd6 7.
Bb2 O-O 8. Ne5 Ne4 9. f3 Bxe5 10. dxe5 Nc5 11. Be2 Ba6 12. Bxa6 Nbxa6 13. Qe2 c6 14. Nd2 Nc7 15. Rad1 Qh4 16. f4 Rfe8 17. Rf3 Qh5 18. Kh1 Qg6 19. Nf1 Ne4 20. Ng3 Nxg3+ 21. Rxg3 Qf5 22. Rg5 Qe4 23. Rd4 1-0

[Event "Early-Titled-Tuesday-Blitz-May-07-2024"]
[Site "Chess.com"]
[Date "2024.05.07"]
[Round "4"]
[White "DeArron_Fox"]
[Black "MarlonJodar"]
[Result "1-0"]
[WhiteElo "2509"]
[BlackElo "2290"]
[TimeControl "180+1"]
[EndTime "8:39:49 PDT"]
[Termination "DeArron_Fox won by resignation"]

1. d4 Nf6 2. c4 g6 3. Nc3 d5 4. cxd5 Nxd5 5. e4 Nxc3 6. bxc3 Bg7 7. Be3 c5 8. Qd2 Qa5 9. Nf3 O-O 10. Rc1 cxd4 11. cxd4 Qxd2+ 12. Nxd2 e6 13. Be2 Nc6 14. Nb3 Rd8 15. Rd1 b6 16. f3 Bb7 17. Kf2 Rac8 18.
Rd2 Na5 19. Nxa5 bxa5 20. Rb1 Bc6 21. Rc1 f5 22. d5 exd5 23. exd5 Bd7 24. Rxc8 Rxc8 25.
d6 Bc3 26. Rc2 Be1+ 27. Kxe1 Rxc2 28. Bxa7 Rxa2 29. Bc4+ Kg7 30. Bd4+ Kh6 31. Bxa2 Kg5 32. Kd2 1-0

[Event "Early-Titled-Tuesday-Blitz-May-07-2024"]
[Site "Chess.com"]
[Date "2024.05.07"]
[Round "4"]
[White "RobRam"]
[Black "Zurability"]
[Result "0-1"]
[WhiteElo "2548"]
[BlackElo "2742"]
[TimeControl "180+1"]
[EndTime "8:39:55 PDT"]
[Termination "Zurability won by resignation"]

1. d4 Nf6 2. e3 b6 3. f4 Bb7 4. Nf3 c5 5. c3 g6 6. Bd3 Bg7 7. O-O O-O 8. Nbd2 d5 9. Ne5 e6 10. Ndf3 Ne4 11. Bd2 f6 12. Ng4 Nd7 13. Be1 Qc7 14.
Nf2 e5 15. fxe5 fxe5 16. Nxe4 dxe4 17. Bc4+ Kh8 18. Ng5 Rxf1+ 19. Kxf1 Rf8+ 20. Kg1 cxd4 21. Nf7+ Rxf7 22. Bxf7 d3 23. Qg4 Nf6 24. Qe6 Bd5 25. Qxf6 Bxf6 26. Bxd5 Qc5 0-1